 Dungeon Crawl Stone Soup version 0.28-a0-1002-gf00fe891ef (webtiles) character file.

Game seed: 4218426517039598689

22206 tnor the Cleaver (level 13, -2/81 HPs)
             Began as a Djinni Cinder Acolyte on Dec 6, 2021.
             Was a High Priest of Ignis.
             Slain by a death yak (25 damage)
             ... on level 3 of the Lair of Beasts.
             The game lasted 00:45:42 (21112 turns).

tnor the Cleaver (Djinni Cinder Acolyte)           Turns: 21112, Time: 00:45:43

Health: -2/81      AC:  9    Str: 13    XL:     13   Next: 25%
Gold:   1588       EV: 13    Int: 20    God:    Ignis [*****.] SH:  5 Dex: 10

rFire   + + .      SeeInvis .   a - +0 hand axe (flame)
rCold   . . .      Faith    .   (no shield)
rNeg    . . .      Spirit   .   d - +0 steam dragon scales
rPois   ∞          Reflect  +   k - +0 helmet
rElec   .          Harm     .   (no cloak)
rCorr   +          Rampage  .   x - +1 pair of gloves
Will    +....                   (boots unavailable)
Stlth   +.........              c - amulet of reflection
HPRegen 0.23/turn               p - ring of resist corrosion
MPRegen 0.00/turn               o - ring of Hospitality {Ice Fly}

@: radiating poison, flying
A: sickness immunity, fire resistance 2, cold vulnerability 1, float, innate
caster, hp casting, extra vitality 1
a: Renounce Religion, Fiery Armour, Foxfire Swarm, Rising Flame


You were on level 3 of the Lair of Beasts.
You worshipped Ignis.
Ignis was extremely pleased with you.
You visited 2 branches of the dungeon, and saw 16 of its levels.

You collected 2542 gold pieces.
You spent 954 gold pieces at shops.

Inventory:

Hand Weapons
 a - a +0 hand axe of flaming (weapon)
 h - a +3 hand axe
 v - a +3 battleaxe of venom
Missiles
 g - 63 poisoned darts
 i - a curare-tipped dart
 C - 3 throwing nets
Armour
 d - +0 steam dragon scales (worn)
 k - a +0 helmet (worn)
 r - a +0 kite shield
 x - a +1 pair of gloves (worn)
Jewellery
 c - an amulet of reflection (around neck)
 o - the ring of Hospitality (right hand) {Ice Fly}
   (You found it on level 1 of the Lair of Beasts)

   [ring of ice]

   It enhances your ice magic.
   rF:        It makes you vulnerable to fire.
   rC:        It protects you from cold.
   Fly:       It grants you flight.
 p - a ring of resist corrosion (left hand)
Wands
 t - a wand of iceblast (5)
 w - a wand of polymorph (7)
 y - a wand of flame (3)
 G - a wand of acid (3)
Scrolls
 b - 2 scrolls of enchant weapon
 e - 5 scrolls of fog
 n - a scroll of silence
 q - 2 scrolls of immolation
 s - a scroll of teleportation
 u - a scroll of vulnerability
 A - a scroll of identify
 B - a scroll of magic mapping
 D - a scroll of summoning
 E - 2 scrolls of holy word
Potions
 f - a potion of lignification
 j - a potion of brilliance
 l - a potion of magic
 m - 3 potions of might
 z - 3 potions of curing
 F - 3 potions of berserk rage


   Skills:
 + Level 3.2 Fighting
 - Level 12.0 Axes
 + Level 4.2 Armour
 + Level 4.6 Dodging
 + Level 11.4 Spellcasting
 + Level 4.2 Evocations


You had 14 spell levels left.
You knew the following spells:

 Your Spells              Type           Power      Damage    Failure   Level
a - Scorch                Fire           100%       2d10      1%          2
b - Beastly Appendage     Tmut           100%       N/A       1%          1
c - Call Imp              Summ           55%        N/A       1%          2
d - Ozocubu's Armour      Ice            72%        N/A       1%          3
e - Confusing Touch       Hex            55%        N/A       1%          3
f - Olgreb's Toxic Radia  Pois           55%        N/A       1%          4
g - Blade Hands           Tmut           27%        N/A       1%          5
Your spell library was empty.

Dungeon Overview and Level Annotations

Branches:
Dungeon (12/15)            Temple (0/1) D:4            Lair (4/6) D:8
  Swamp: Lair:2-4    Shoals: Lair:2-4     Snake: Lair:2-4    Spider: Lair:2-4
    Orc: D:9-12

Altars:
Ru
Sif Muna

Shops:
D:9 ?

Annotations:
D:11 Fannar
Lair:1 3 runed translucent doors, willcat's ghost, novice KoVM


Innate Abilities, Weirdness & Mutations

You are immune to sickness and miasma.
You are immune to poison.
Your flesh is very heat resistant. (rF++)
You are vulnerable to cold. (rC-)
You float through the air rather than walking.
You learn spells naturally, not from books.
Your magical power is your life essence.
You have superior vitality. (+4 HP)


Message History

The death yak looks as sick as possible! x2
Your toxic aura wanes.
The death yak closely misses you.
You see here a +0 war axe.
You kill the death yak!
Casting: Olgreb's Toxic Radiance (mildly dangerous; 1% risk of failure)
Confirm with . or Enter, or press ? or * to list all spells.
Flames lash the death yak.
The death yak is almost dead.
The death yak's fire resistance burns away.
Casting: Scorch (safe; 1% risk of failure)
Confirm with . or Enter, or press ? or * to list all spells.
Flames lash the death yak.
The death yak is burned terribly!
The death yak is almost dead.
The death yak gores you!!
Casting: Scorch (safe; 1% risk of failure)
Confirm with . or Enter, or press ? or * to list all spells.
Flames lash the yak.
The yak is almost dead.
The yak's fire resistance burns away.
The death yak gores you!
* * * LOW HITPOINT WARNING * * *
Unknown command.
You kill the yak!
The death yak is no longer more vulnerable to fire.
The death yak gores you but does no damage.
You see here a yak corpse.
There is a stone staircase leading down here.
You see here a death yak skeleton.
The death yak looks more healthy.
You see here a death yak corpse.
You see here a death yak skeleton.
You see here a death yak corpse.
You see here a +0 war axe.
You see here a yak corpse.
Casting: Scorch (safe; 1% risk of failure)
Confirm with . or Enter, or press ? or * to list all spells.
You begin to radiate toxic energy.
The death yak is poisoned.
* * * LOW HITPOINT WARNING * * *
The death yak looks even sicker.
The death yak gores you!!
You die...

...#..###...###.†..P##......##...
#......#...###.....##......###...
#..#...##..........##..÷....##...
..##.#.........##.###..........##
....#..#..#.......####....##...##
..###.........#.#.##.#†...#######
...Y...........##....÷...###...##
...P..#........Y.....<....##...#.
...........<...#@........#.#.....
#...........##†##...............#
...........###.##............##[#
.#..#......###)##.......##...#..#
..<............†#.....###...#....
...#......#..........###.........
...........#....##...##.......>..
..............#........#......##[
.........#...........P........###


You could see a death yak (very poisoned).

Vanquished Creatures
  Harold (D:9)
  A hydra (Lair:1)
  2 two-headed ogres
  5 death yaks (Lair:3)
  Pikel (D:5)
  An ugly thing (D:11)
  6 elephants (Lair:3)
  3 cane toads (Lair:1)
  A rime drake (Lair:3)
  6 komodo dragons
  2 unseen horrors (D:10)
  2 hornets
  A troll (D:10)
  A blink frog (Lair:4)
  Sigmund (D:6)
  11 yaks
  5 basilisks
  3 steam dragons
  7 water moccasins
  2 orc warriors
  4 necrophages
  2 ice beasts
  4 ogres
  5 centaurs
  A phantom (D:6)
  Blork the orc (D:5)
  2 kobold brigands
  A gnoll sergeant (D:3)
  13 bullfrogs
  3 scorpions
  4 killer bees (D:9)
  11 wights
  5 howler monkeys
  6 centaur zombies
  2 jellies
  An orc priest (D:7)
  A centaur skeleton (D:7)
  2 iguanas
  5 hell rats (Lair:2)
  7 orc wizards
  A killer bee zombie (D:8)
  A howler monkey zombie (D:7)
  Robin (D:2)
  7 gnolls
  9 adders
  5 river rats (Lair:2)
  2 shadow imps (D:6)
  A white imp (D:7)
  2 ufetubi
  A worm (D:2)
  3 dart slugs
  22 orcs
  12 ball pythons
  5 endoplasms
  7 giant cockroaches
  13 goblins
  11 hobgoblins
  8 jackals (D:1)
  5 quokkas
  7 bats
  4 frilled lizards
  18 kobolds
  5 rats
292 creatures vanquished.

Vanquished Creatures (collateral kills)
  A cyclops (D:10)
  Maggie (Lair:2)
  A basilisk (Lair:2)
  2 bullfrogs
5 creatures vanquished.

Vanquished Creatures (others)
  6 fungi
  25 plants
31 creatures vanquished.

Grand Total: 328 creatures vanquished

Notes
Turn   | Place    | Note
-------+----------+-------------------------------------------
     0 | D:1      | tnor the Djinni Cinder Acolyte began the quest for the Orb.
     0 | D:1      | Reached XP level 1. HP: 20/20 MP: 0/0
   251 | D:1      | Reached XP level 2. HP: 20/25 MP: 0/0
   386 | D:1      | Found a faded altar of an unknown god.
   543 | D:1      | Reached XP level 3. HP: 3/30 MP: 0/0
   543 | D:1      | Learned a level 1 spell: Beastly Appendage
   954 | D:1      | Reached skill level 3 in Axes
  1803 | D:2      | Reached XP level 4. HP: 30/35 MP: 0/0
  2029 | D:2      | Found a sacrificial altar of Ru.
  2045 | D:2      | Identified a scroll of acquirement
  2045 | D:2      | Acquired 646 gold pieces
  2254 | D:3      | Noticed a gnoll sergeant
  2546 | D:2      | Reached XP level 5. HP: 38/40 MP: 0/0
  2546 | D:2      | Learned a level 2 spell: Call Imp
  2942 | D:2      | Noticed Robin
  4076 | D:2      | Reached skill level 4 in Axes
  4076 | D:2      | Reached XP level 6. HP: 34/46 MP: 0/0
  4362 | D:2      | Killed Robin
  5445 | D:4      | Noticed an ogre
  5508 | D:4      | Killed an ogre
  5509 | D:4      | Reached XP level 7. HP: 45/50 MP: 0/0
  5509 | D:4      | Learned a level 3 spell: Ozocubu's Armour
  5977 | D:4      | Reached skill level 5 in Axes
  6215 | D:4      | Found a staircase to the Ecumenical Temple.
  6605 | D:5      | Entered Level 5 of the Dungeon
  6668 | D:5      | Noticed Pikel
  6707 | D:5      | Killed Pikel
  6708 | D:5      | Reached skill level 5 in Spellcasting
  6708 | D:5      | Reached XP level 8. HP: 20/56 MP: 0/0
  6990 | D:4      | Reached skill level 6 in Axes
  7254 | D:5      | HP: 4/84 [iguana (7)]
  7768 | D:5      | Noticed Blork the orc
  7794 | D:5      | Killed Blork the orc
  8138 | D:5      | Reached XP level 9. HP: 57/60 MP: 0/0
  8138 | D:5      | Learned a level 3 spell: Confusing Touch
  8658 | D:6      | Reached skill level 7 in Axes
  9336 | D:6      | Noticed Sigmund
  9338 | D:6      | Killed Sigmund
  9938 | D:6      | Reached skill level 8 in Axes
 10007 | D:7      | Reached XP level 10. HP: 62/67 MP: 0/0
 10879 | D:8      | Found a staircase to the Lair.
 10914 | D:8      | Reached skill level 9 in Axes
 11126 | D:8      | Noticed a two-headed ogre
 11717 | D:8      | Killed a two-headed ogre
 12211 | D:9      | Reached XP level 11. HP: 34/71 MP: 0/0
 12211 | D:9      | Learned a level 4 spell: Olgreb's Toxic Radiance
 12534 | D:9      | Noticed Harold
 12751 | Lair:1   | Entered Level 1 of the Lair of Beasts
 12829 | Lair:1   | Noticed an eight-headed hydra
 12834 | Lair:1   | Killed an eight-headed hydra
 12835 | Lair:1   | Reached skill level 10 in Axes
 13027 | Lair:1   | Identified the ring of Hospitality {Ice Fly}
 13304 | Lair:1   | Found a runed translucent gate.
 13305 | Lair:1   | Found a runed translucent gate.
 13306 | Lair:1   | Found a runed translucent gate.
 13308 | Lair:1   | Noticed willcat's ghost (novice KoVM)
 14113 | Lair:2   | Noticed Maggie
 14122 | Lair:2   | Killed Maggie
 14995 | Lair:2   | Reached skill level 10 in Spellcasting
 15496 | Lair:3   | Noticed an elephant
 15496 | Lair:3   | Noticed an elephant
 15496 | Lair:3   | Noticed an elephant
 15496 | Lair:3   | Noticed an elephant
 15496 | Lair:3   | Noticed an elephant
 15496 | Lair:3   | Noticed an elephant
 15606 | Lair:3   | Noticed a death yak
 15606 | Lair:3   | Noticed a death yak
 15607 | Lair:3   | Noticed a death yak
 15607 | Lair:3   | Noticed a death yak
 15664 | Lair:3   | Killed an elephant
 15665 | Lair:3   | Reached skill level 11 in Axes
 15916 | Lair:3   | Killed an elephant
 15917 | Lair:3   | Killed an elephant
 15933 | Lair:3   | Killed an elephant
 15933 | Lair:3   | Killed an elephant
 15934 | Lair:3   | Reached XP level 12. HP: 48/76 MP: 0/0
 16531 | D:9      | Found Uptihour's Magic Scroll Shoppe.
 16570 | D:9      | Bought a scroll of acquirement for 676 gold pieces
 16570 | D:9      | Acquired 877 gold pieces
 16572 | D:9      | Bought a scroll of immolation for 45 gold pieces
 16572 | D:9      | Bought a scroll of immolation for 45 gold pieces
 16572 | D:9      | Bought a scroll of enchant weapon for 97 gold pieces
 16572 | D:9      | Bought a scroll of teleportation for 39 gold pieces
 16572 | D:9      | Bought a scroll of identify for 26 gold pieces
 16572 | D:9      | Bought a scroll of identify for 26 gold pieces
 16708 | D:9      | Killed Harold
 17338 | D:10     | Entered Level 10 of the Dungeon
 18670 | D:10     | Reached skill level 1 in Armour
 18670 | D:10     | Reached skill level 1 in Dodging
 18670 | D:10     | Reached skill level 1 in Evocations
 18679 | D:10     | Noticed a two-headed ogre
 18685 | D:10     | Killed a two-headed ogre
 19416 | D:11     | Reached skill level 12 in Axes
 19700 | D:11     | Noticed Fannar
 20561 | Lair:3   | Noticed a death yak
 20771 | Lair:3   | Killed a death yak
 20772 | Lair:3   | Reached XP level 13. HP: 66/81 MP: 0/0
 20772 | Lair:3   | Learned a level 5 spell: Blade Hands
 21112 | Lair:3   | Slain by a death yak

Illustrated notes

Levels and vault maps discovered:
D:1:      roderic_crop_circles_arrival_small, layout_basic,
          hellmonk_ecumenical_altar_run_dry
D:2:      minmay_diamond_boxcup, layout_basic, basic_altar,
          chequers_serial_rivers_micro_b, minmay_stone_trees_small,
          minmay_misc_feat_secret_circle, minivault_26, chequers_garden,
          kennysheep_generic_room_3, uniq_robin
D:3:      layout_rooms
D:4:      layout_layer_cave, minmay_temple_entry_enclosed_plants
D:5:      layout_loops_ring, minmay_misc_feat_plants, uniq_blork_the_orc,
          uniq_pikel
D:6:      layout_loops_ring, uniq_sigmund
D:7:      layout_basic
D:8:      layout_rooms, lair_entry_dummy
D:9:      layout_roguey, mainiacjoe_overflow_cross_hatched, serial_shops,
          nicolae_shop_window_shopping, minmay_unpleasant_kobolds, uniq_harold
D:10:     layout_basic, grunt_ministairs_13
D:11:     layout_stronghold, uniq_fannar
D:12:     hangedman_arrow_trap, layout_loops_ring, orc_0_dummy
Lair:1:   layout_long_grid, gammafunk_ghost_necromancy
Lair:2:   layout_cave_pods, kennysheep_abandoned_house, uniq_maggie
Lair:3:   layout_misc_corridors
Lair:4:   layout_cave_pods, elwin_shoals_entry_rooms,
          guppyfry_snake_entry_garden, gammafunk_ghost_abyssal_escape

Skill      XL: |  1  2  3  4  5  6  7  8  9 10 11 12 13 |
---------------+----------------------------------------+-----
Axes           | 3 4 5 6 8 9 11 12 | 12.0
Spellcasting   | 3 4 5 6 7 9 10 11 | 11.4
Armour         | 3 4 |  4.2
Dodging        | 3 4 |  4.6
Evocations     | 3 4 |  4.2
Fighting       | |  3.2

Action                   |  1- 3 |  4- 6 |  7- 9 | 10-12 | 13-15 || total
-------------------------+-------+-------+-------+-------+-------++-------
Melee: Hand axe          |    27 |   121 |    62 |   166 |       ||   376
Throw: Dart              |       |       |       |     1 |       ||     1
       Throwing net      |       |       |       |     1 |       ||     1
 Cast: Scorch            |    39 |    60 |   101 |   231 |    10 ||   441
       Ozocubu's Armour  |       |       |     3 |     4 |       ||     7
       Call Imp          |       |       |       |    19 |     1 ||    20
       Olgreb's Toxic Ra |       |       |       |    48 |     9 ||    57
       Confusing Touch   |       |       |       |     2 |       ||     2
Evoke: Wand              |       |       |    10 |    38 |       ||    48
  Use: Scroll            |     3 |     3 |     4 |    18 |       ||    28
       Potion            |       |       |     7 |     5 |       ||    12
 Stab: Invisible         |       |       |     5 |       |       ||     5
       Paralysed         |       |       |       |     9 |       ||     9
Armor: Robe              |    12 |     1 |       |       |       ||    13
       Leather armour    |       |    36 |    14 |       |       ||    50
       Skin              |       |       |    23 |       |       ||    23
       Steam dragon scal |       |       |    12 |   131 |     1 ||   144
Dodge: Dodged            |    33 |    79 |    57 |   137 |     2 ||   308
Block: Other             |       |       |    12 |    52 |     3 ||    67
       Reflection        |       |       |       |     2 |       ||     2

Table legend: (Time is in decaauts)
 A = Elapsed time spent in this place.
 B = Non-inter-level travel time spent in this place.
 C = Inter-level travel time spent in this place.
 D = Time resting spent in this place.
 E = Time spent auto-exploring this place.
 F = Levels seen in this place.
 G = Mean time per level.
                   A        B        C        D        E       F      G
               +--------+--------+--------+--------+--------+-----+--------+
         Total |  21124 |  20158 |    966 |   3664 |  13634 |  16 | 1320.2 |
       Dungeon |  16157 |  15585 |    572 |   2818 |  10586 |  12 | 1346.4 |
          Lair |   4967 |   4574 |    393 |    846 |   3048 |   4 | 1241.8 |
               +--------+--------+--------+--------+--------+-----+--------+

Top non-repeatable levels by time:
  Lair:2: 2557 daAuts
     D:2: 2465 daAuts
     D:4: 1797 daAuts
     D:1: 1631 daAuts
     D:8: 1628 daAuts
     D:5: 1622 daAuts
     D:9: 1576 daAuts
    D:10: 1520 daAuts
     D:6: 1334 daAuts
  Lair:3: 1244 daAuts
  Lair:1: 1158 daAuts
     D:3: 1132 daAuts
     D:7: 1060 daAuts
    D:11: 349 daAuts
    D:12: 37 daAuts
